 Dungeon Crawl Stone Soup version 0.22.1-1-ga44c0e56f4 (webtiles) character file.

2317 Kaderl the Carver (level 9, -3/68 HPs)
             Began as a Human Fighter on Sept 27, 2018.
             Slain by a death yak (15 damage)
             ... on level 7 of the Dungeon.
             The game lasted 00:30:01 (8719 turns).

Kaderl the Carver (Human Fighter)                   Turns: 8719, Time: 00:30:02

Health: -3/68      AC: 12    Str: 20    XL:     9   Next: 68%
Magic:  9/9        EV: 11    Int:  8    God:
Gold:   445        SH:  0    Dex: 13    Spells: 8/8 levels left

rFire    . . .     SeeInvis .   j - +2 great sword (holy)
rCold    . . .     Gourm    .   (shield currently unavailable)
rNeg     . . .     Faith    .   b - +0 scale mail
rPois    .         Spirit   .   q - +0 helmet
rElec    .         Reflect  .   (no cloak)
rCorr    .         Harm     .   (no gloves)
MR       .....                  (no boots)
Stlth    +.........             (no amulet)
HPRegen  0.21/turn              n - ring of stealth
MPRegen  0.11/turn              t - ring of the Garden {AC+3 Slay+2}

@: no status effects
A: no striking features
a: no special abilities


You were on level 7 of the Dungeon.
You were not hungry.

You visited 2 branches of the dungeon, and saw 9 of its levels.
You also visited: Sewer.

You collected 445 gold pieces.

Inventory:

Hand Weapons
 j - a +2 great sword of holy wrath (weapon)
Missiles
 h - 4 throwing nets (quivered)
Armour
 b - a +0 scale mail (worn)
 q - a +0 helmet (worn)
Jewellery
 n - a ring of stealth (left hand)
 t - the ring of the Garden (right hand) {AC+3 Slay+2}
   (You found it on level 7 of the Dungeon)

   [ring of protection]

   It affects your AC (+3).
   It affects your accuracy and damage with ranged weapons and melee attacks
   (+2).
Wands
 i - a wand of enslavement (3)
 m - a wand of disintegration (19)
Scrolls
 c - 6 scrolls of remove curse
 k - 2 scrolls of amnesia
 l - 4 scrolls of teleportation
 r - a scroll of fog
Potions
 a - a potion of agility
 d - 3 potions of might
 e - a potion of lignification
 g - 4 potions of flight
 o - a potion of heal wounds
 p - a potion of curing {unknown}
 v - a potion of mutation {unknown}
Comestibles
 f - 7 rations


   Skills:
 + Level 5.6 Fighting
 + Level 9.5 Long Blades
 + Level 6.4 Armour
 + Level 2.1 Dodging
 + Level 1.3 Stealth
   Level 3.0 Shields
 + Level 1.0 Evocations


You had 8 spell levels left.
You didn't know any spells.
Your spell library was empty.

Dungeon Overview and Level Annotations

Branches:
Dungeon (8/15)             Temple (1/1) D:6            Lair (0/6) D:8

Altars:
Ashenzari
Cheibriados
Dithmenos
Elyvilon
Fedhas
Kikubaaqudgha
Makhleb
Nemelex Xobeh
Okawaru
Qazlal
Ru
Sif Muna
Trog
Uskayaw
Vehumet
Yredelemnul
Zin
The Shining One

Annotations:
D:7 exclusion: ice statue


Message History

You hit the death yak.
The death yak is severely wounded.
The hound skeleton barely misses you. The death yak gores you!
* * * LOW HITPOINT WARNING * * *
The hound skeleton bites you but does no damage.
You barely miss the death yak.
The death yak is severely wounded.
The hound skeleton bites you but does no damage.
The death yak gores you but does no damage.
The hound skeleton bites you but does no damage.
The death yak barely misses you. The hound skeleton closely misses you.
You riposte.
You slice the hound skeleton!!
The hound skeleton convulses.
You destroy the hound skeleton!
You climb upwards.
Level annotation: exclusion: ice statue
There is a stone staircase leading down here.
You hit the death yak but do no damage.
The death yak is severely wounded.
The death yak gores you!
You die...

#.......#
########......# #..
##..###.# #######......#
###
#...##.####............#
#.#.##.#(......###....##
##.#.##.#.......# #.####
#.......#.......# #.#
#.##.##.#.......# #.#
#.##.##.#.....Y.# #.#
#.#..##.#......@# #.##
#.#.###.#.......# #..#
#.......######### ##.#
##...#####......# #.#
#.#.......####.## #.#
#...#####.......###.#
##### #.##....[[..#
#.##.#..##### #.##.#..#


You could see a death yak.

Vanquished Creatures
  A water moccasin (D:5)
  2 ice beasts (D:5)
  2 phantoms
  2 ogres
  A bullfrog (D:6)
  A gnoll sergeant (D:7)
  A scorpion (D:3)
  A water moccasin skeleton (D:5)
  5 killer bees
  A howler monkey (D:5)
  4 crimson imps
  A bullfrog skeleton (D:7)
  6 orc priests
  A hound (D:4)
  4 worker ants
  2 iguanas
  A merfolk siren (Sewer)
  9 orc wizards
  A merfolk avatar (Sewer)
  A hound skeleton (D:8)
  A worker ant zombie (D:6)
  13 gnolls
  2 river rats (Sewer)
  8 adders
  A shadow imp (D:5)
  An ooze (D:2)
  4 worms
  4 leopard geckos
  20 orcs
  4 bats
  6 giant cockroaches
  A goblin (D:2)
  3 hobgoblins
  4 jackals
  7 quokkas
  8 ball pythons
  7 frilled lizards
  7 kobolds
  29 rats
177 creatures vanquished.

Vanquished Creatures (others)
  7 toadstools (D:1)
7 creatures vanquished.

Grand Total: 184 creatures vanquished

Notes
Turn   | Place    | Note
-------+----------+-------------------------------------------
     0 | D:1      | Kaderl the Human Fighter began the quest for the Orb.
     0 | D:1      | Reached XP level 1. HP: 18/18 MP: 1/1
   444 | D:1      | Reached XP level 2. HP: 24/24 MP: 2/2
   810 | D:2      | Reached XP level 3. HP: 29/29 MP: 3/3
   815 | D:2      | Found a sparkling altar of Nemelex Xobeh.
  1036 | D:2      | Reached skill level 3 in Long Blades
  1036 | D:2      | Reached XP level 4. HP: 7/35 MP: 4/4
  1606 | D:3      | Found a deep blue altar of Sif Muna.
  1917 | D:3      | Reached XP level 5. HP: 38/41 MP: 5/5
  1967 | D:3      | Reached skill level 4 in Long Blades
  2174 | D:3      | Reached XP level 6. HP: 47/47 MP: 6/6
  2455 | D:4      | Reached skill level 5 in Long Blades
  3122 | D:5      | Entered Level 5 of the Dungeon
  3130 | D:5      | Reached XP level 7. HP: 49/53 MP: 7/7
  3140 | D:4      | HP: 1/53 [gnoll/club (6)]
  3593 | D:5      | Reached skill level 6 in Long Blades
  3716 | D:5      | Found a shattered altar of Ashenzari.
  3734 | D:5      | Noticed a water moccasin
  3742 | D:5      | Reached skill level 1 in Dodging
  3767 | D:5      | Reached XP level 8. HP: 45/61 MP: 8/8
  3838 | D:5      | Reached skill level 7 in Long Blades
  3974 | D:5      | Reached skill level 5 in Armour
  4573 | D:5      | Reached skill level 1 in Stealth
  4771 | D:6      | Found a glowing drain.
  4786 | Sewer    | Entered a sewer
  4980 | Sewer    | Reached skill level 5 in Fighting
  5233 | D:6      | Reached skill level 8 in Long Blades
  5324 | D:6      | Found a staircase to the Ecumenical Temple.
  5378 | Temple   | Entered the Ecumenical Temple
  5616 | D:6      | Found a white marble altar of Elyvilon.
  5715 | D:6      | Found a radiant altar of Vehumet.
  5719 | D:6      | Got a blackened glaive
  5748 | D:6      | Reached XP level 9. HP: 68/68 MP: 9/9
  6231 | D:6      | Found a snail-covered altar of Cheibriados.
  6303 | D:7      | Got a sparkling glass ring
  6310 | D:7      | Identified the ring of the Garden {AC+3 Slay+2} (You found
                  | it on level 7 of the Dungeon)
  6369 | D:7      | Noticed an ice statue
  6596 | D:7      | Reached skill level 9 in Long Blades
  6867 | D:7      | Found a glowing golden altar of the Shining One.
  6867 | D:7      | Found a basalt altar of Yredelemnul.
  6868 | D:7      | Found a bloodstained altar of Trog.
  7164 | D:7      | Found a stormy altar of Qazlal.
  7867 | D:8      | Noticed a death yak
  7868 | D:8      | Noticed a death yak
  7869 | D:8      | Found a staircase to the Lair.
  7902 | D:7      | HP: 3/68 [poisoned by a killer bee]
  8354 | D:8      | Reached skill level 1 in Evocations
  8355 | D:8      | Noticed a death yak
  8719 | D:7      | Slain by a death yak

Skill      XL: |  1  2  3  4  5  6  7  8  9 |
---------------+----------------------------+-----
Long Blades    | 3 4 5 6 8 9 |  9.5
Fighting       | 4 5 |  5.6
Armour         | 4 5 6 |  6.4
Dodging        | 1 2 |  2.1
Stealth        | 1 |  1.3
Evocations     | 1 |  1.0
Shields        | |  3.0

Action                   |  1- 3 |  4- 6 |  7- 9 || total
-------------------------+-------+-------+-------++-------
Melee: Long sword        |    18 |       |       ||    18
       Great sword       |    31 |   116 |   339 ||   486
Evoke: Wand              |       |       |    40 ||    40
  Use: Scroll            |     2 |     6 |     4 ||    12
       Potion            |       |       |     2 ||     2
 Stab: Sleeping          |       |       |     3 ||     3
  Eat: Ration            |       |     2 |     6 ||     8
Armor: Scale mail        |    45 |    89 |   187 ||   321
Dodge: Dodged            |    37 |    75 |   175 ||   287
Block: Shield            |    11 |       |       ||    11
       Rpst.: Long sword |     1 |       |       ||     1
       Great sword       |    11 |    23 |    47 ||    81
